 Dungeon Crawl Stone Soup version 0.29.0-4-gdea44cf6ec (webtiles) character file.

Game seed: 6702008207988433579

21 112233 the Ducker (level 2, -2/14 HPs)
             Began as a Felid Fighter on Aug 27, 2022.
             Slain by a worm (11 damage)
             ... on level 2 of the Dungeon.
             The game lasted 00:00:36 (896 turns).

112233 the Ducker (Felid Fighter)                    Turns: 896, Time: 00:00:36

Health: -2/14      AC:  1    Str: 12    XL:     2   Next: 65%
Magic:  3/3        EV: 18    Int:  9    God:
Gold:   95         SH:  0    Dex: 15    Spells: 0/1 levels left
                                        Lives:  0   Deaths: 0

rFire   . . .      SeeInvis +     - Unarmed
rCold   . . .      Faith    .   (shield unavailable)
rNeg    . . .      Spirit   .   (body armour unavailable)
rPois   .          Reflect  .   (helmet unavailable)
rElec   .          Harm     .   (cloak unavailable)
rCorr   .          Rampage  .   (gloves unavailable)
Will    .....                   (boots unavailable)
Stlth   +.........              (no amulet)
HPRegen 0.04/turn               (no ring)
MPRegen 0.08/turn               (no ring)

@: quick
A: very small, claws 1, fangs 3, see invisible, speed 1, shaggy fur 1, stealthy
paws, no weapons or thrown items, no armour, multi-lived
a: no special abilities


You were on level 2 of the Dungeon.
You visited 1 branch of the dungeon, and saw 2 of its levels.

You collected 95 gold pieces.

Inventory:

Jewellery
 d - an amulet of faith
 i - a ring of fire
Scrolls
 f - a scroll of identify {unknown}
 h - a scroll of enchant weapon {unknown}
Potions
 a - a potion of might
 b - 3 potions of mutation {unknown}
 c - 2 potions of heal wounds {unknown}
 e - 2 potions of curing {unknown}
 g - a potion of magic {unknown}


   Skills:
 + Level 3.3 Fighting
 + Level 4.5 Dodging
 + Level 4.3 Unarmed Combat


You couldn't memorise any spells.
You knew the following spells:

 Your Spells              Type           Power      Damage    Failure   Level
a - Apportation           Tloc           0%         N/A       38%         1

Your spell library contained the following spells:

 Spells                   Type           Power      Damage    Failure   Level
 Alistair's Intoxication  Tmut/Pois      0%         N/A       100%        5
 Summon Forest            Summ/Tloc      0%         N/A       100%        5
 Eringya's Noxious Bog    Tmut/Pois      0%         N/A       100%        6
 Summon Hydra             Summ           0%         N/A       100%        7


Dungeon Overview and Level Annotations

Branches:
Dungeon (2/15)

Altars:


Innate Abilities, Weirdness & Mutations

You have sharp claws.
You have razor-sharp teeth.
You have supernaturally acute eyesight. (SInv)
You cover ground quickly. (Speed+)
You are covered in fur. (AC +1)
Your paws help you pounce on unaware monsters.
You are incapable of wielding weapons or throwing items.
You cannot wear armour.
You gain extra lives every three experience levels.


Message History

A frilled lizard comes into view.
You see here a ball python corpse.
A frilled lizard is nearby!
A frilled lizard is nearby!
The frilled lizard hisses angrily.
The frilled lizard misses you.
A frilled lizard is nearby!
You claw the frilled lizard!
You kill the frilled lizard!
HP restored.
A goblin comes into view. It is wielding a +0 dagger.
Found a hand axe.
A goblin is nearby!
A goblin is nearby!
A goblin is nearby!
A goblin is nearby!
The goblin shouts!
A goblin is nearby!
Found an escape hatch in the ceiling.
The goblin hits you with a +0 dagger.
A goblin is nearby!
You closely miss the goblin. The goblin closely misses you.
A goblin is nearby!
You closely miss the goblin. The goblin hits you but does no damage.
A goblin is nearby!
You claw the goblin!
You kill the goblin!
An adder comes into view.
Found 5 stones and a dagger.
An adder is nearby!
An adder is nearby!
A worm comes into view.
There are monsters nearby!
The adder hisses angrily.
The worm bites you.
There are monsters nearby!
You miss the adder. The adder misses you. The adder bites you.
There are monsters nearby!
You closely miss the adder. The adder barely misses you. The worm bites you!
Ouch! That really hurt!
You die...

#.# #.# #.# #.# #.#
## #.#
..#..########.######
#....Sw##.........#
#@##.##.####.#
#.......# #.#
#.##.#### #.#
)...(...# #.#
#..###### ##.# #..
#..# #. #.## # #.#
#.#


You could see a worm and an adder.

Vanquished Creatures
  2 bats
  2 endoplasms (D:1)
  A giant cockroach (D:1)
  3 goblins
  4 quokkas (D:1)
  3 ball pythons
  3 frilled lizards
  A kobold (D:1)
  A rat (D:1)
20 creatures vanquished.

Notes
Turn   | Place    | Note
-------+----------+-------------------------------------------
     0 | D:1      | 112233 the Felid Fighter began the quest for the Orb.
     0 | D:1      | Reached XP level 1. HP: 10/10 MP: 2/2
   233 | D:1      | Reached XP level 2. HP: 11/14 MP: 3/3
   338 | D:1      | Learned a level 1 spell: Apportation
   896 | D:2      | Slain by a worm

Illustrated notes

Levels and vault maps discovered:
D:1:      dpeg_arrival_orchard, layout_basic, hangedman_glass_teeth,
          minmay_misc_feat_more_columns
D:2:      layout_loops_ring

Action                   || total
-------------------------++-------
Melee: Unarmed           ||    44
       Bite              ||     7
       Punch             ||     4
 Stab: Sleeping          ||     1
Armor: Skin              ||     2
Dodge: Dodged            ||    34
